 Dungeon Crawl Stone Soup version 0.29-a0-1052-g6990b1bffc (webtiles) character file.

Game seed: 16726746310703291215

75803 Newt the Cleaver (level 15, -14/223 HPs)
             Began as a Demonspawn Gladiator on Aug 17, 2022.
             Was a Priest of Jiyva.
             Demolished by a spriggan defender
             ... wielding a +3 quick blade
             ... led by the Enchantress
              (23 damage)
             ... on level 1 of the Depths.
             The game lasted 01:14:55 (18316 turns).

Newt the Cleaver (Demonspawn Gladiator)            Turns: 18316, Time: 01:14:56

Health: -14/223    AC: 27    Str: 22    XL:     15   Next: 10%
Magic:  5/15       EV:  2    Int: 23    God:    Jiyva [***...]
Gold:   907        SH:  5    Dex: 15    Spells: 11/14 levels left

rFire   + + .      SeeInvis .   a - +3 hand axe (venom)
rCold   x x .      Faith    .   (no shield)
rNeg    . . .      Spirit   .   (body armour currently unavailable)
rPois   +          Reflect  +   (helmet currently unavailable)
rElec   .          Harm     .   (cloak currently unavailable)
rCorr   +          Rampage  .   (gloves unavailable)
Will    +....      NoTele   +   (boots currently unavailable)
Stlth   +++.......              I - amulet of reflection
HPRegen 1.59/turn               n - ring "Kidao" {Fire rCorr Int+4 Dex+2 Stlth+}
MPRegen 0.49/turn               d - ring of Equilibrium {Fire Str+4}

@: tree-form, untranslocatable, slowed, studying Translocations, very slow
A: stationary, stasis, torment immunity, boosted hp, demonic guardian 3, ignite
blood 2, (sturdy frame 2), (demonic touch 3), (antennae 1), (talons 2), (large
bone plates 1), clever 2, (poison resistance), robust 3, wild magic 3,
(pseudopods 1), (tendrils)
a: Renounce Religion, Oozemancy


You were on level 1 of the Depths.
You worshipped Jiyva.
Jiyva was most pleased with you.
You were a tree.
You visited 4 branches of the dungeon, and saw 19 of its levels.
You also visited: Gauntlet and Volcano.

You collected 1731 gold pieces.
You spent 824 gold pieces at shops.

Inventory:

Hand Weapons
 a - a +3 hand axe of venom (weapon)
 b - the +6 sling of the Unkillable {vorpal, rC++}
   (You found it on level 12 of the Dungeon)

   Any ammunition fired from it inflicts extra damage upon your enemies.
   rC:        It greatly protects you from cold.
 R - the +1 sling of Dorus {flame, rElec rPois rCorr}
   (You took it off a minotaur in a Gauntlet)

   Any ammunition fired from it burns those it strikes, dealing additional fire
   damage.
   rElec:     It insulates you from electricity.
   rPois:     It protects you from poison.
   rCorr:     It protects you from acid and corrosion.
 Y - a +1 war axe
Armour
 i - +0 storm dragon scales
 y - a +0 cloak (melded)
 N - a +1 hat (melded)
 O - a +0 leather armour
 T - +0 ice dragon scales
 U - a +3 ring mail of fire resistance
 V - a +3 scale mail of fire resistance
 X - the +8 orange crystal plate armour (melded) {Archmagi, Int+3 Clar}
   (You acquired it on level 2 of the Orcish Mines)

   Int:       It affects your intelligence (+3).
   Clar:      It protects you against confusion.
 Z - +0 fire dragon scales
Jewellery
 d - the ring of Equilibrium (right branch) {Fire Str+4}
   (You found it on level 13 of the Dungeon)

   [ring of fire]

   It enhances your fire magic.
   Str:       It affects your strength (+4).
   rF:        It protects you from fire.
   rC:        It makes you vulnerable to cold.
 n - the ring "Kidao" (left branch) {Fire rCorr Int+4 Dex+2 Stlth+}
   (You found it on level 4 of the Dungeon)

   [ring of fire]

   It enhances your fire magic.
   Int:       It affects your intelligence (+4).
   Dex:       It affects your dexterity (+2).
   rF:        It protects you from fire.
   rC:        It makes you vulnerable to cold.
   rCorr:     It protects you from acid and corrosion.
   Stlth:     It makes you more stealthy.
 p - an amulet of regeneration
 I - an amulet of reflection (around neck)
 P - a ring of protection from cold
Wands
 e - a wand of iceblast (10)
 l - a wand of flame (5)
 s - a wand of charming (19)
 x - a wand of mindburst (2)
Scrolls
 f - 7 scrolls of teleportation
 o - a scroll of blinking
 t - a scroll of enchant weapon
 z - a scroll of amnesia
 B - a scroll of enchant armour
 C - 2 scrolls of fear
 S - a scroll of fog
 W - a scroll of identify
Potions
 c - a potion of resistance
 j - 4 potions of curing
 u - 2 potions of flight
 A - a potion of mutation
 D - 2 potions of degeneration
 F - 3 potions of brilliance
 H - a potion of magic


   Skills:
 - Level 10.0 Fighting
 - Level 4.0 Short Blades
 - Level 14.0 Axes
 - Level 10.0 Ranged Weapons
 - Level 4.0 Throwing
 + Level 9.6 Armour
 - Level 10.0 Dodging
 - Level 2.0 Stealth
 - Level 4.0 Translocations
 - Level 8.0 Evocations


You had 11 spell levels left.
You knew the following spells:

 Your Spells              Type           Power      Damage    Failure   Level
a - Teleport Other        Tloc           34%        N/A       26%         3

Your spell library contained the following spells:

 Spells                   Type           Power      Damage    Failure   Level
 Apportation              Tloc           68%        N/A       13%         1
 Gell's Gravitas          Tloc           34%        N/A       26%         3
 Necrotise                Necr           0%         1d4       38%         1
 Summon Small Mammal      Summ           0%         N/A       38%         1
 Portal Projectile        Hex/Tloc       34%        N/A       45%         3
 Ensorcelled Hibernation  Hex/Ice        0%         N/A       50%         2
 Passwall                 Tmut/Erth      0%         N/A       50%         2
 Call Canine Familiar     Summ           0%         N/A       69%         3
 Swiftness                Air            0%         N/A       69%         3
 Leda's Liquefaction      Hex/Erth       0%         N/A       95%         4
 Fireball                 Conj/Fire      0%         3d3       100%        5
 Iskenderun's Battlesphe  Conj           0%         2d6       100%        5
 Conjure Ball Lightning   Conj/Air       0%         3x3d6     100%        6
 Dispersal                Tloc           17%        N/A       100%        6
 Orb of Destruction       Conj           0%         9d5       100%        7


Dungeon Overview and Level Annotations

Branches:
Dungeon (15/15)            Temple (0/1) D:7             Orc (2/2) D:9
    Elf (1/3) Orc:2        Vaults (0/5) D:13         Depths (1/4) D:15
Volcano (visited)         Gauntlet (visited)
   Lair: D:8-11

Altars:
Gozag
Sif Muna
Trog
Uskayaw
Wu Jian
Yredelemnul
Jiyva

Shops:
Orc:2 :[!?[

Portals:
Abyss: Depths:1
Pandemonium: Orc:2
Trove: D:11 (give +6 demon blade)

Annotations:
Orc:1 4 transporters
Depths:1 the Enchantress


Innate Abilities, Weirdness & Mutations

You are a tree.
Your roots penetrate the ground, keeping you stationary.
You cannot be teleported.
You are immune to unholy pain and torment.
Your maximum health is greatly increased.
Your equipment is partially melded.
A powerful demonic guardian rushes to your aid.
Your demonic aura often causes spilled blood to erupt in flames.
((Your movements are less encumbered by armour. (ER -4)))
((Your touch may irresistibly damage your foes and sap their willpower.))
((You have a pair of small antennae on your head.))
((You have razor-sharp toenails.))
((You are partially covered in large bone plates. (SH +4)))
Your mind is very acute. (Int +8, Str/Dex -2)
((Your system is resistant to poisons. (rPois)))
You are extremely robust. (+30% HP)
Your spells are much harder to cast, but much more powerful.
((Armour fits poorly on your pseudopods.))
((You are covered in slimy tendrils that may disarm your opponents.))


Message History

Aiming: Mindburst
Press: ? - help, Q - select action, (/) - cycle Shift-Dir - straight line, f/p - the Enchantress
Aim: the Enchantress, wielding a +1 rapier of electrocution, wearing the +4 faerie dragon scales {Harm Drain Will+++ rCorr Dex+4} and wearing a +1 buckler of reflection (flame, heavily wounded, fast, repelling missiles, reflecting blocked projectiles, chance to affect: 0%)
The Enchantress resists with almost no effort.
The spriggan defender hits you with a +4 quick blade!!
* * * LOW HITPOINT WARNING * * *
The Enchantress is engulfed in blazing flames.
The Enchantress drinks a potion.
The Enchantress is healed!
The spriggan defender hits you but does no damage.
The spriggan defender hits you with a +0 flail of protection!
* * * LOW HITPOINT WARNING * * *
Unknown command.
You miss the Enchantress.
The Enchantress is heavily wounded.
You closely miss the spriggan defender.
The spriggan defender blocks your attack.
You hit the spriggan defender.
The Enchantress is engulfed in blazing flames.
The Enchantress hits you but does no damage.
The spriggan defender is engulfed in blazing flames.
The spriggan defender hits you with a +4 quick blade!
* * * LOW HITPOINT WARNING * * *
The spriggan defender hits you but does no damage.
The Enchantress blocks your attack.
The Enchantress is heavily wounded.
You hit the spriggan berserker but do no damage.
You closely miss the spriggan defender. You slash the spriggan defender!
The spriggan defender is poisoned.
The spriggan defender blocks your attack.
The Enchantress is engulfed in blazing flames.
The Enchantress casts a spell at you.
You feel yourself slow down.
The spriggan berserker is engulfed in blazing flames.
The spriggan berserker hits you with a +2 antimagic hand axe!!
* * * LOW HITPOINT WARNING * * *
You feel your power leaking away.
The spriggan rider hits you from afar with a +0 spear.
* * * LOW HITPOINT WARNING * * *
The spriggan defender hits you with a +3 quick blade!!
You die...

#...# #...# #...# #...#
#...# ## #...# ##..
########...# ##### ....
......J....###...# ##....
.......ii♣ii....## .....#
.....∩..iii......###..^..#
..........i........#...#
..........°####..[.....#
..######...# ##...)..## #
#.... ###...## .......
##### .#...##.. ..#.# ..


You could see the Enchantress (fast, repels missiles, reflecting), 3 spriggan
defenders, a spriggan rider, a spriggan berserker (berserk, regenerating,
strong-willed), a spriggan air mage (repels missiles), a spriggan and a neutral
jelly (wandering) (fellow slime).

Vanquished Creatures
  A storm dragon (Depths:1)
  A fire giant (Depths:1)
  The ghost of Tuyluirph the Alchemist, an adept MfTm of Hepliaklqana (D:12)
  2 spriggan defenders (D:15)
  A vampire knight (Depths:1)
  A minotaur (Gauntlet)
  The ghost of Zocoaz the Skirmisher, a journeyman MiHu of Gozag (D:12)
  A fire dragon (D:15)
  2 hydras (D:15)
  An ice dragon (D:15)
  A vault guard (D:13)
  A boulder beetle (D:13)
  A demonspawn (Orc:2)
  A rakshasa (D:15)
  A two-headed ogre (D:13)
  5 centaur warriors
  The ghost of JakeJacob the Basher, a journeyman GrBe of Trog (D:10)
  A dancing weapon (Elf:1)
  A vampire mage (D:15)
  5 tengu warriors
  7 orc high priests (Orc:2)
  A spriggan berserker (D:15)
  Sonja (D:13)
  2 spriggans (D:15)
  2 sixfirhies (Orc:2)
  4 wizards
  A deep elf archer (Volcano)
  2 necromancers (D:13)
  Pikel (D:5)
  9 deep elf pyromancers
  5 orc sorcerers (Orc:2)
  7 orc knights
  2 cyclopes
  6 ugly things (D:14)
  6 manticores
  2 centaur zombies (D:11)
  Maurice (Orc:1)
  A gargoyle (D:12)
  2 efreet
  A smoke demon (Orc:2)
  An unseen horror (D:11)
  A kobold demonologist (D:7)
  A tengu conjurer (D:15)
  A yaktaur (D:10)
  9 trolls
  6 polar bears (D:13)
  Grinder (D:6)
  3 hornets
  Sigmund (D:2)
  A shadow (D:11)
  4 wraiths
  4 wyverns
  9 fire elementals
  15 humans (D:13)
  14 yaks
  A vampire (D:12)
  A basilisk (D:12)
  A hog (D:13)
  5 vampire mosquitoes
  3 steam dragons (D:8)
  Menkaure (D:6)
  3 wargs
  An acid dragon (D:10)
  3 hell hounds (Volcano)
  2 water moccasins
  Duvessa (D:6)
  27 orc warriors
  An ice beast (D:5)
  4 black bears
  9 ogres
  9 centaurs
  2 kobold brigands
  2 lemures (D:5)
  A phantom (D:7)
  4 scorpions
  3 bullfrogs
  A gnoll sergeant (D:9)
  Dowan (D:6)
  15 killer bees
  An electric eel (D:9)
  A howler monkey (D:10)
  4 jellies
  19 orc priests
  3 iguanas
  11 orc wizards
  2 gnolls (D:9)
  7 adders
  3 shadow imps (Gauntlet)
  A white imp (Gauntlet)
  A worm (D:4)
  3 dart slugs
  59 orcs
  An endoplasm (D:1)
  4 giant cockroaches
  8 hobgoblins
  12 kobolds
  4 quokkas
  8 ball pythons
  3 bats
  2 frilled lizards
  5 goblins
  6 rats
433 creatures vanquished.

Vanquished Creatures (collateral kills)
  Snorg (Orc:1)
  A hydra (D:14)
  A vault guard (D:13)
  Erolcha (D:11)
  A boulder beetle (D:15)
  2 centaur warriors
  A two-headed ogre (D:8)
  A dancing weapon (Elf:1)
  2 orc knights (Orc:2)
  A deep elf pyromancer (Volcano)
  A cyclops (D:13)
  An ugly thing (D:12)
  A rust devil (Orc:2)
  Joseph (D:7)
  A hellwing (Orc:2)
  A tengu conjurer (D:15)
  A fire elemental (Volcano)
  A hell hound (Gauntlet)
  6 orc warriors (Orc:2)
  A bullfrog (D:9)
  3 orc priests (Orc:2)
  7 orcs
37 creatures vanquished.

Vanquished Creatures (others)
  An ettin (Depths:1)
  A centaur warrior (D:15)
  A glowing orange brain (Depths:1)
  A yaktaur (D:15)
  A tengu conjurer (D:15)
  A slime creature (shapeshifter) (Gauntlet)
  4 slime creatures
  Eustachio (D:4)
  A human (D:13)
  A water moccasin (D:8)
  44 jellies
  3 orc priests
  A hound (D:6)
  An iguana (shapeshifter) (Gauntlet)
  5 orc wizards
  An adder (D:2)
  2 gnolls (D:9)
  An endoplasm (D:2)
  7 orcs
  A giant cockroach (D:1)
  3 hobgoblins
  5 fungi (Gauntlet)
  14 plants
  14 withered plants (Gauntlet)
115 creatures vanquished.

Grand Total: 585 creatures vanquished

Notes
Turn   | Place    | Note
-------+----------+-------------------------------------------
     0 | D:1      | Newt the Demonspawn Gladiator began the quest for the Orb.
     0 | D:1      | Reached XP level 1. HP: 16/16 MP: 1/1
   149 | D:1      | Reached skill level 1 in Stealth
   266 | D:1      | Found a faded altar of an unknown god.
   499 | D:1      | Prayed at the altar of an unknown god.
   499 | D:1      | Became a worshipper of Jiyva Jiov the Shapeless
   499 | D:1      | Reached * piety under Jiyva
   608 | D:1      | Gained mutation: Your touch may inflict minor irresistible
                  | damage on your foes. [demonic ancestry]
   608 | D:1      | Reached XP level 2. HP: 21/22 MP: 2/2
  1108 | D:2      | Gained mutation: Your movements are slightly less
                  | encumbered by armour. (ER -2) [demonic ancestry]
  1108 | D:2      | Reached XP level 3. HP: 27/27 MP: 3/3
  1153 | D:2      | Reached ** piety under Jiyva
  1262 | D:2      | Found a bloodstained altar of Trog.
  1321 | D:2      | Noticed Sigmund
  1357 | D:2      | Killed Sigmund
  1358 | D:2      | Reached XP level 4. HP: 33/33 MP: 4/4
  1358 | D:2      | Gained mutation: Your touch may inflict irresistible damage
                  | on your foes. [demonic ancestry]
  1358 | D:2      | Reached XP level 5. HP: 38/38 MP: 5/5
  1967 | D:3      | Reached *** piety under Jiyva
  1994 | D:3      | Gained mutation: Your mind is acute. (Int +4, Str/Dex -1)
                  | [Jiyva's grace]
  1994 | D:3      | Gained mutation: Your mind is very acute. (Int +8, Str/Dex
                  | -2) [Jiyva's grace]
  1994 | D:3      | Gained mutation: Your system is resistant to poisons.
                  | (rPois) [Jiyva's grace]
  1994 | D:3      | Gained mutation: You are robust. (+10% HP) [Jiyva's grace]
  2024 | D:3      | Found a shimmering blue altar of Sif Muna.
  2056 | D:3      | Reached XP level 6. HP: 37/49 MP: 6/6
  2472 | D:4      | Identified the ring "Kidao" {Fire rCorr Int+4 Dex+2 Stlth+}
  2479 | D:4      | Noticed Eustachio
  2532 | D:4      | Killed Eustachio
  2534 | D:4      | Reached skill level 1 in Axes
  2586 | D:4      | Reached skill level 2 in Axes
  2586 | D:4      | Gained mutation: Your demonic aura sometimes causes spilled
                  | blood to erupt in flames. [demonic ancestry]
  2586 | D:4      | Reached XP level 7. HP: 59/59 MP: 7/7
  2692 | D:4      | Reached skill level 3 in Axes
  2941 | D:4      | Reached skill level 4 in Axes
  3109 | D:5      | Entered Level 5 of the Dungeon
  3118 | D:5      | Reached **** piety under Jiyva
  3286 | D:5      | Gained mutation: Your touch may irresistibly damage your
                  | foes and sap their willpower. [demonic ancestry]
  3286 | D:5      | Reached XP level 8. HP: 66/66 MP: 8/8
  3529 | D:5      | Noticed Pikel
  3539 | D:5      | Killed Pikel
  3540 | D:5      | Reached skill level 6 in Axes
  3540 | D:5      | Reached skill level 1 in Evocations
  3916 | D:6      | Lost mutation: You are robust. (+10% HP) [Jiyva's grace]
  3916 | D:6      | Gained mutation: You are covered in slimy tendrils that may
                  | disarm your opponents. [Jiyva's grace]
  3916 | D:6      | Gained mutation: Armour fits poorly on your pseudopods.
                  | [Jiyva's grace]
  3916 | D:6      | Gained mutation: Armour fits poorly on your large
                  | pseudopods. [Jiyva's grace]
  3916 | D:6      | Gained mutation: Armour fits poorly on your massive
                  | pseudopods. [Jiyva's grace]
  4063 | D:6      | Noticed Grinder
  4066 | D:6      | Paralysed by Grinder for 5 turns
  4074 | D:6      | Killed Grinder
  4189 | D:6      | Noticed Menkaure
  4194 | D:6      | Killed Menkaure
  4195 | D:6      | Gained mutation: A weak demonic guardian rushes to your
                  | aid. [demonic ancestry]
  4195 | D:6      | Reached XP level 9. HP: 58/65 MP: 9/9
  4238 | D:6      | Reached ***** piety under Jiyva
  4658 | D:6      | Noticed Dowan
  4659 | D:6      | Noticed Duvessa
  4673 | D:6      | Killed Duvessa
  4674 | D:6      | Killed Dowan
  4705 | D:7      | Found a hide-covered altar of Uskayaw.
  4705 | D:7      | Noticed a troll
  4722 | D:7      | Killed a troll
  4723 | D:7      | Reached skill level 5 in Dodging
  4804 | D:7      | Found a staircase to the Ecumenical Temple.
  4863 | D:7      | Noticed a kobold demonologist
  4864 | D:7      | Found an opulent altar of Gozag.
  4868 | D:7      | Noticed a sixfirhy
  4868 | D:7      | Killed a kobold demonologist
  4869 | D:7      | Reached skill level 5 in Fighting
  4914 | D:7      | Noticed Joseph
  4928 | D:7      | Killed Joseph
  5135 | D:8      | Found a basalt altar of Yredelemnul.
  5183 | D:8      | Identified 2 scrolls of acquirement
  5183 | D:8      | Acquired a manual of Translocations
  5196 | D:8      | Noticed a two-headed ogre
  5203 | D:8      | Killed a two-headed ogre
  5204 | D:8      | Reached skill level 7 in Axes
  5204 | D:8      | Gained mutation: Your demonic aura often causes spilled
                  | blood to erupt in flames. [demonic ancestry]
  5204 | D:8      | Reached XP level 10. HP: 35/76 MP: 10/10
  5329 | D:8      | Acquired 691 gold pieces
  5370 | D:8      | Reached skill level 8 in Axes
  5373 | D:8      | Reached skill level 1 in Translocations
  5572 | D:8      | Noticed an angel
  5792 | D:8      | Found an opulent altar of Gozag.
  6030 | D:8      | Reached skill level 9 in Axes
  6444 | D:9      | Reached skill level 10 in Axes
  6530 | D:9      | Lost mutation: Armour fits poorly on your massive
                  | pseudopods. [Jiyva's grace]
  6530 | D:9      | Gained mutation: Your muscles are strong. (Str +4, Int/Dex
                  | -1) [Jiyva's grace]
  6530 | D:9      | Gained mutation: Your muscles are very strong. (Str +8,
                  | Int/Dex -2) [Jiyva's grace]
  6530 | D:9      | Gained mutation: You have a small jelly attached to you
                  | that senses nearby items. [Jiyva's grace]
  6530 | D:9      | Gained mutation: You possess an exceptional clarity of
                  | mind. [Jiyva's grace]
  6602 | D:10     | Entered Level 10 of the Dungeon
  6683 | D:9      | Found a staircase to the Orcish Mines.
  6718 | D:9      | Noticed a +0 dagger
  6720 | D:9      | Noticed a +0 hand axe
  6729 | D:9      | Found a hide-covered altar of Uskayaw.
  7010 | D:10     | Reached XP level 11. HP: 81/81 MP: 11/11
  7266 | D:10     | Reached ****** piety under Jiyva
  7308 | D:10     | Found a runed translucent door.
  7312 | D:10     | Noticed JakeJacob's ghost (journeyman GrBe)
  7340 | D:10     | Killed JakeJacob's ghost
  8043 | D:11     | Noticed an orc knight
  8108 | D:11     | Reached skill level 10 in Dodging
  8117 | D:11     | Killed an orc knight
  8153 | D:11     | Lost mutation: Armour fits poorly on your large pseudopods.
                  | [Jiyva's grace]
  8153 | D:11     | Lost mutation: You have a small jelly attached to you that
                  | senses nearby items. [Jiyva's grace]
  8153 | D:11     | Gained mutation: You passively dampen the noise of your
                  | surroundings. [Jiyva's grace]
  8153 | D:11     | Gained mutation: You have sharp toenails. [Jiyva's grace]
  8153 | D:11     | Gained mutation: You have razor-sharp toenails. [Jiyva's
                  | grace]
  8153 | D:11     | Gained mutation: You have claws for feet. [Jiyva's grace]
  8171 | D:11     | Found a portal to a secret trove of treasure.
  8172 | D:11     | Noticed Erolcha
  8606 | D:11     | Reached skill level 5 in Evocations
  8617 | D:11     | Found a basalt altar of Yredelemnul.
  8891 | D:11     | Killed Erolcha
  9124 | D:12     | Identified the +6 sling of the Unkillable {vorpal, rC++}
  9248 | D:12     | Noticed a deep elf pyromancer
  9264 | D:12     | Killed a deep elf pyromancer
  9403 | D:12     | Noticed a white ugly thing
  9406 | D:12     | Killed a white ugly thing
  9407 | D:12     | Reached skill level 1 in Ranged Weapons
  9407 | D:12     | Reached XP level 12. HP: 46/88 MP: 12/12
  9451 | D:12     | Found a runed translucent gate.
  9451 | D:12     | Found a runed translucent gate.
  9451 | D:12     | Found a runed translucent gate.
  9451 | D:12     | Noticed Tuyluirph's ghost (adept MfTm)
  9452 | D:12     | Noticed Zocoaz's ghost (journeyman MiHu)
  9808 | D:13     | Noticed a two-headed ogre
  9828 | D:13     | Killed a two-headed ogre
  9948 | D:13     | Identified the +5 sling of the Reaper {vorpal, rPois rF-
                  | Int+3 Dex+4}
 10013 | D:13     | Noticed a boulder beetle
 10083 | D:13     | Reached skill level 5 in Ranged Weapons
 10140 | D:13     | Noticed a vault guard
 10153 | D:13     | Killed a vault guard
 10174 | D:13     | Noticed a vault guard
 10184 | D:13     | Killed a vault guard
 10210 | D:13     | Found a gate to the Vaults.
 10232 | D:13     | Lost mutation: Your muscles are very strong. (Str +8,
                  | Int/Dex -2) [Jiyva's grace]
 10232 | D:13     | Gained mutation: Your spells are a little harder to cast,
                  | but a little more powerful. [Jiyva's grace]
 10232 | D:13     | Gained mutation: Your spells are harder to cast, but more
                  | powerful. [Jiyva's grace]
 10232 | D:13     | Gained mutation: Your spells are much harder to cast, but
                  | much more powerful. [Jiyva's grace]
 10232 | D:13     | Gained mutation: You are partially covered in large bone
                  | plates. (SH +4) [Jiyva's grace]
 10257 | D:13     | Found a huge runed translucent gate.
 10258 | D:13     | Found a huge runed translucent gate.
 10259 | D:13     | Found a huge runed translucent gate.
 10261 | D:13     | Found a huge runed translucent gate.
 10268 | D:13     | Noticed Sonja
 10293 | D:13     | Noticed a centaur warrior
 10313 | D:13     | Killed Sonja
 10420 | D:13     | Identified the ring of Equilibrium {Fire Str+4}
 10428 | D:13     | Killed a centaur warrior
 10598 | D:13     | Reached skill level 10 in Fighting
 10763 | D:13     | Killed a boulder beetle
 10831 | D:13     | Identified the +0 quarterstaff "Woneviocs" {flame, Fragile
                  | Will++ Int+3}
 10831 | D:13     | Noticed a centaur warrior
 10845 | D:13     | Killed a centaur warrior
 10846 | D:13     | Gained mutation: A demonic guardian rushes to your aid.
                  | [demonic ancestry]
 10846 | D:13     | Reached XP level 13. HP: 25/103 MP: 13/13
 11456 | D:14     | Reached skill level 11 in Axes
 11521 | D:14     | HP: 3/103 [nine-headed hydra (12)]
 11900 | D:14     | Reached skill level 12 in Axes
 12194 | D:15     | Entered Level 15 of the Dungeon
 12389 | D:15     | Found a gate leading to a gauntlet.
 12395 | Gauntlet | Entered a Gauntlet
 12395 | Gauntlet | Found a transporter.
 12402 | Gauntlet | Found a transporter.
 12405 | Gauntlet | Found a transporter.
 12407 | Gauntlet | Found a transporter.
 12407 | Gauntlet | Found a transporter.
 12414 | Gauntlet | Found a transporter.
 12416 | Gauntlet | Found a transporter.
 12421 | Gauntlet | Found a transporter.
 12446 | Gauntlet | Found a runed translucent door.
 12483 | Gauntlet | Found a transporter.
 12485 | Gauntlet | Found a transporter.
 12504 | Gauntlet | Found a transporter.
 12514 | Gauntlet | Found a transporter.
 12514 | Gauntlet | Noticed a reaper
 12531 | Gauntlet | Lost mutation: You have claws for feet. [Jiyva's grace]
 12531 | Gauntlet | Lost mutation: You possess an exceptional clarity of mind.
                  | [Jiyva's grace]
 12531 | Gauntlet | Lost mutation: Your muscles are strong. (Str +4, Int/Dex
                  | -1) [Jiyva's grace]
 12531 | Gauntlet | Lost mutation: Your spells are much harder to cast, but
                  | much more powerful. [Jiyva's grace]
 12531 | Gauntlet | Gained mutation: You have a pair of small antennae on your
                  | head. [Jiyva's grace]
 12531 | Gauntlet | Gained mutation: You have a pair of antennae on your head.
                  | [Jiyva's grace]
 12531 | Gauntlet | Gained mutation: You have a pair of large antennae on your
                  | head. (SInv) [Jiyva's grace]
 12531 | Gauntlet | Gained mutation: You are strong-willed. (Will+) [Jiyva's
                  | grace]
 12699 | Gauntlet | Reached skill level 13 in Axes
 12728 | Gauntlet | Identified the +1 sling of Dorus {flame, rElec rPois rCorr}
 12728 | Gauntlet | Noticed a minotaur
 12754 | Gauntlet | Killed a minotaur
 12967 | D:15     | Noticed a fire dragon
 13259 | D:15     | Reached skill level 14 in Axes
 13564 | D:15     | Found a staircase to the Depths.
 13573 | Depths:1 | Entered Level 1 of the Depths
 13573 | Depths:1 | Found a one-way gate to the infinite horrors of the Abyss.
 13589 | Depths:1 | Noticed a spriggan defender
 13593 | Depths:1 | Noticed a fire giant
 14010 | Orc:1    | Entered Level 1 of the Orcish Mines
 14010 | Orc:1    | Noticed Snorg
 14015 | Orc:1    | Killed Snorg
 14016 | Orc:1    | Gained mutation: A powerful demonic guardian rushes to your
                  | aid. [demonic ancestry]
 14016 | Orc:1    | Reached XP level 14. HP: 73/110 MP: 14/14
 14116 | Orc:1    | Found a dark tunnel.
 14130 | Volcano  | Entered a volcano
 14192 | Volcano  | Learned a level 3 spell: Teleport Other
 14416 | Orc:1    | Found an ornate altar of the Wu Jian Council.
 14418 | Orc:1    | Found a transporter.
 14431 | Orc:1    | Found a transporter.
 14449 | Orc:1    | Found a transporter.
 14467 | Orc:1    | Noticed Maurice
 14473 | Orc:1    | Killed Maurice
 14622 | Orc:1    | Found a transporter.
 14622 | Orc:1    | Found an ornate altar of the Wu Jian Council.
 14622 | Orc:1    | Noticed an orc warlord
 14833 | Orc:2    | Entered Level 2 of the Orcish Mines
 14936 | Orc:2    | Found a staircase to the Elven Halls.
 15172 | Orc:2    | Found Goaraupu's Distillery.
 15173 | Orc:2    | Found Gureschobb's Magic Scroll Boutique.
 15214 | Orc:2    | Bought a potion of degeneration for 12 gold pieces
 15216 | Orc:2    | Bought a scroll of identify for 28 gold pieces
 15216 | Orc:2    | Bought a scroll of identify for 28 gold pieces
 15216 | Orc:2    | Bought a scroll of identify for 28 gold pieces
 15216 | Orc:2    | Bought a scroll of acquirement for 728 gold pieces
 15217 | Orc:2    | Acquired the +8 orange crystal plate armour {Archmagi,
                  | Int+3 Clar}
 15217 | Orc:2    | Found the +8 orange crystal plate armour {Archmagi, Int+3
                  | Clar}
 15284 | Orc:2    | Reached skill level 10 in Ranged Weapons
 15320 | Orc:2    | Reached skill level 5 in Armour
 15467 | Orc:2    | Lost mutation: You have a pair of large antennae on your
                  | head. (SInv) [Jiyva's grace]
 15467 | Orc:2    | Lost mutation: You have a pair of antennae on your head.
                  | [Jiyva's grace]
 15467 | Orc:2    | Lost mutation: You are strong-willed. (Will+) [Jiyva's
                  | grace]
 15467 | Orc:2    | Lost mutation: You passively dampen the noise of your
                  | surroundings. [Jiyva's grace]
 15467 | Orc:2    | Gained mutation: Your spells are much harder to cast, but
                  | much more powerful. [Jiyva's grace]
 15467 | Orc:2    | Gained mutation: You are robust. (+10% HP) [Jiyva's grace]
 15467 | Orc:2    | Gained mutation: You are very robust. (+20% HP) [Jiyva's
                  | grace]
 15467 | Orc:2    | Gained mutation: You are extremely robust. (+30% HP)
                  | [Jiyva's grace]
 15595 | Orc:2    | Found Kacuiry's Armour Boutique.
 15737 | Orc:2    | Found Mobleama's Antique Armour Shoppe.
 15737 | Orc:2    | Found Voel's Book Emporium.
 15738 | Orc:2    | Found a one-way gate leading to the halls of Pandemonium.
 16772 | Elf:1    | Entered Level 1 of the Elven Halls
 16905 | Elf:1    | Noticed a deep elf sorcerer
 16906 | Elf:1    | Noticed a deep elf sorcerer
 17126 | D:12     | Killed Tuyluirph's ghost
 17176 | D:12     | Killed Zocoaz's ghost
 17480 | Depths:1 | Noticed a spriggan defender
 17489 | D:15     | Killed a spriggan defender
 17493 | D:15     | Killed a spriggan defender
 17924 | D:15     | Gained mutation: Your movements are less encumbered by
                  | armour. (ER -4) [demonic ancestry]
 17924 | D:15     | Reached XP level 15. HP: 141/149 MP: 15/15
 17944 | Depths:1 | Killed a fire giant
 18099 | Depths:1 | Noticed a storm dragon
 18232 | Depths:1 | Killed a storm dragon
 18250 | Depths:1 | Noticed the Enchantress
 18316 | Depths:1 | HP: 9/223 [spriggan rider/+0 spear[the Enchantress] (5)]
 18316 | Depths:1 | Demolished by a spriggan defender

Illustrated notes

Levels and vault maps discovered:
D:1:      ncdulo_halloftheorcs, layout_loops_ring,
          hellmonk_ecumenical_altar_pennies_from_heaven
D:2:      layout_loops_ring, basic_altar, uniq_sigmund
D:3:      layout_rooms, nicolae_sif_muna_condensation
D:4:      layout_rooms, serial_corexii_hall, chequers_hall_statues_y,
          chequers_hall_statues_y, chequers_hall_statues_wall_a,
          chequers_hall_statues_corner_a, chequers_hall_statues_y,
          corexii_hall_statues_x, serial_bayou_pond_d, uniq_eustachio
D:5:      layout_loops_cross, roderic_st_hans_cross, uniq_pikel
D:6:      layout_basic, hangedman_decor_peaks_small, uniq_menkaure,
          uniq_grinder, uniq_duvessa
D:7:      layout_rooms, minmay_temple_entry_large_hall,
          hangedman_feature_mirror, minmay_holes, uniq_joseph
D:8:      minmay_inner_zag, layout_rooms, zin_angel,
          mainiacjoe_overflow_cross_hatched, grunt_gozag_breadcrumbs,
          lair_entry_dummy, minmay_misc_feat_x
D:9:      layout_small_grid, dancing_weapons_uskayaw, erik_orc_2
D:10:     layout_irregular_city, serial_co_window_serial, co_window_corner_a,
          co_window_corner_a, co_window_of_opportunity_a,
          co_window_of_opportunity_a, co_window_paths_b, co_window_broadway_a,
          co_window_of_opportunity_b, co_window_corner_ca, co_window_corner_ca,
          co_window_corner_ca, co_window_unsneaky_path_d, glass_columns_c,
          glass_columns_a, glass_columns_a, glass_columns_a, glass_columns_b,
          ebering_ghost_reflecting_pool, minmay_misc_feat_plants,
          minmay_checkerbox
D:11:     layout_loops_cross, serial_glass, glass_columns_a, glass_columns_a,
          nicolae_trove_entry_isolated, minivault_23, statue_in_the_mist_lemuel,
          lemuel_zombie_altar_yredelemnul, uniq_erolcha
D:12:     layout_basic, gammafunk_ghost_cemetery
D:13:     lemuel_bear_cage, layout_small_grid, grunt_vaults_entry_tiered,
          uniq_sonja
D:14:     layout_basic, chequers_serial_rivers_small_b
D:15:     grunt_enter_depths_hoard, layout_basic, gauntlet_entry_generic,
          tso_altar
Orc:1:    dreamdust_wu_jian_sword_trials, layout_caves,
          nicolae_volcano_entry_two_sided, uniq_snorg, uniq_maurice
Orc:2:    pf_orc_diabolical, layout_caves, serial_shops, nicolae_square_shop
Elf:1:    layout_onion_city, minmay_elf_demonology
Depths:1: layout_twisted_cross, abyss_entry, nicolae_wwwww, hellmouth_1,
          cheibrodos_ashenzari_chains, uniq_enchantress

Skill      XL: |  1  2  3  4  5  6  7  8  9 10 11 12 13 14 15 |
---------------+----------------------------------------------+-----
Stealth        | 1 2 |  2.0
Short Blades   | 3 4 |  4.0
Armour         | 3 4 8 9 |  9.6
Fighting       | 4 6 10 | 10.0
Axes           | 2 4 6 7 10 14 | 14.0
Throwing       | 4 |  4.0
Evocations     | 4 8 |  8.0
Dodging        | 4 6 7 10 | 10.0
Translocations | 4 |  4.0
Ranged Weapons | 1 6 10 | 10.0

Action                   |  1- 3 |  4- 6 |  7- 9 | 10-12 | 13-15 || total
-------------------------+-------+-------+-------+-------+-------++-------
Melee: Rapier            |   111 |    86 |    18 |     2 |       ||   217
       Touch             |     4 |    19 |    36 |    74 |   117 ||   250
       Punch             |       |     2 |     3 |     6 |    10 ||    21
       Hand axe          |       |       |   145 |   462 |   572 ||  1179
       Pseudopods        |       |       |    12 |    87 |   136 ||   235
       Kick              |       |       |       |    57 |   208 ||   265
 Fire: Sling             |       |       |       |    10 |   157 ||   167
Throw: Javelin           |       |       |     1 |       |     3 ||     4
       Dart              |       |       |     6 |    12 |       ||    18
       Throwing net      |       |       |       |     4 |       ||     4
 Cast: Teleport Other    |       |       |       |       |     1 ||     1
Invok: Oozemancy         |       |     1 |       |     6 |     9 ||    16
       Slimify           |       |       |       |     5 |       ||     5
Evoke: Wand              |       |       |     4 |     5 |    11 ||    20
  Use: Scroll            |     3 |     2 |     7 |     9 |     7 ||    28
       Potion            |     1 |       |     1 |     7 |     8 ||    17
 Stab: Sleeping          |     4 |       |     5 |     1 |     5 ||    15
       Distracted        |       |       |       |     1 |     2 ||     3
Armor: Leather armour    |    25 |    27 |    10 |       |       ||    62
       Skin              |    13 |     4 |       |    26 |     6 ||    49
       Chain mail        |       |       |    38 |    94 |       ||   132
       Troll leather arm |       |       |       |    15 |    22 ||    37
       Crystal plate arm |       |       |       |       |    92 ||    92
Dodge: Dodged            |    60 |    57 |    78 |   381 |   266 ||   842
Block: Other             |       |       |       |    11 |   161 ||   172
       Reflection        |       |       |       |       |    12 ||    12

Table legend: (Time is in decaauts)
 A = Elapsed time spent in this place.
 B = Non-inter-level travel time spent in this place.
 C = Inter-level travel time spent in this place.
 D = Time resting spent in this place.
 E = Time spent auto-exploring this place.
 F = Levels seen in this place.
 G = Mean time per level.
                   A        B        C        D        E       F      G
               +--------+--------+--------+--------+--------+-----+--------+
         Total |  17972 |  16002 |   1970 |   2891 |   8859 |  21 |  855.8 |
       Dungeon |  15341 |  13491 |   1850 |   2658 |   7692 |  15 | 1022.7 |
  Orcish Mines |   1576 |   1461 |    115 |     78 |    967 |   2 |  788.0 |
   Elven Halls |    148 |    144 |      4 |     69 |      0 |   1 |  148.0 |
        Depths |    285 |    285 |      0 |     67 |      0 |   1 |  285.0 |
       Volcano |    209 |    209 |      0 |      0 |     37 |   1 |  209.0 |
      Gauntlet |    410 |    410 |      0 |     18 |    162 |   1 |  410.0 |
               +--------+--------+--------+--------+--------+-----+--------+

Top non-repeatable levels by time:
    D:15: 1714 daAuts
    D:13: 1485 daAuts
    D:11: 1466 daAuts
     D:8: 1228 daAuts
    D:14: 1090 daAuts
     D:1: 1066 daAuts
    D:10: 1052 daAuts
    D:12: 1050 daAuts
     D:2: 962 daAuts
   Orc:2: 958 daAuts
     D:9: 891 daAuts
     D:6: 819 daAuts
     D:5: 805 daAuts
     D:4: 723 daAuts
   Orc:1: 618 daAuts
